 Dungeon Crawl Stone Soup version 0.29-a0-451-gfbfa42419e (webtiles) character file.

Game seed: 16238503040613917214

193540 Bruhh the Illuminatus (level 18, -8/151 HPs)
             Began as a Gnoll Ice Elementalist on May 19, 2022.
             Was an Elder of Ashenzari.
             Engulfed by Bruhh's illusion (illusionary)'s freezing vapour (20 damage)
             ... woven by Mara
             ... on level 4 of the Shoals.
             The game lasted 02:09:25 (38699 turns).

Bruhh the Illuminatus (Gnoll Ice Elementalist)     Turns: 38699, Time: 02:09:26

Health: -8/151     AC: 24    Str:  8    XL:     18   Next: 27%
Magic:  12/49      EV: 15    Int: 37    God:    Ashenzari [****..]
Gold:   936        SH:  7    Dex: 12    Spells: 7/51 levels left

rFire   . . .      SeeInvis +   N - +9 whip of Supernal Understanding {vorpal, rElec rPois Will+ Int+3, Evo, Elem} (curse)
rCold   . . .      Faith    .   e - +0 buckler of Cremastomancy {Evo, Self} (curse)
rNeg    . . .      Spirit   .   q - +7 ring mail "Farhaa" {Regen+ Dex+2 Slay+3}
rPois   +          Reflect  .   B - +3 hat of Pondering {ponderous, Will+ MP+10 Int+5, Cun, Elem} (curse)
rElec   +          Harm     .   P - +0 cloak "Shattered Submission" {Bglg, Self} (curse)
rCorr   .          Rampage  .   i - +0 pair of gloves of Ashenzari's Blue Moon {Elem, Evo} (curse)
Will    +++..      Clarity  +   j - +2 pair of boots of Ashenzari's Submission {Evo, Alch} (curse)
Stlth   +++++.....              g - amulet of Ashenzari's Burden {Regen+, Self, Cun} (curse)
HPRegen 1.95/turn               U - ring of Jarip {Fly rElec Int+8 Dex-4}
MPRegen 0.31/turn               R - ring "Faggic" {Wiz rPois SInv}

@: flying, studying Air Magic, slow
A: fangs 1, strong nose, distributed training
}: 1/15 runes: barnacled
a: Renounce Religion, Shatter the Chains


You were on level 4 of the Shoals.
You worshipped Ashenzari.
Ashenzari was greatly pleased with you.
You visited 7 branches of the dungeon, and saw 32 of its levels.

You collected 2724 gold pieces.
You spent 1788 gold pieces at shops.

Inventory:

Hand Weapons
 N - the cursed +9 whip of Supernal Understanding (weapon) {vorpal, rElec rPois Will+ Int+3, Evo, Elem}
   (You found it on level 9 of the Dungeon)

   It inflicts extra damage upon your enemies.
   Int:       It affects your intelligence (+3).
   rElec:     It insulates you from electricity.
   rPois:     It protects you from poison.
   Will:      It increases your willpower.
   It has a curse which improves the following skills: Evocations: Evocations.
   Elements:  Fire Magic, Ice Magic, Air Magic and Earth Magic.
 W - a +1 triple crossbow of flaming
Missiles
 s - a throwing net
 E - 14 curare-tipped darts
 K - 53 poisoned darts
Armour
 e - the cursed +0 buckler of Cremastomancy (worn) {Evo, Self}
   (You found it on level 6 of the Lair of Beasts)

   It has a curse which improves the following skills: Evocations: Evocations.
   Introspection: Fighting and Spellcasting.
 i - the cursed +0 pair of gloves of Ashenzari's Blue Moon (worn) {Elem, Evo}
   (You found it on level 2 of the Orcish Mines)

   It has a curse which improves the following skills: Elements: Fire Magic, Ice
   Magic, Air Magic and Earth Magic.
   Evocations: Evocations.
 j - the cursed +2 pair of boots of Ashenzari's Submission (worn) {Evo, Alch}
   (You found it on level 1 of the Dungeon)

   It has a curse which improves the following skills: Evocations: Evocations.
   Alchemy:   Poison Magic and Transmutations.
 q - the +7 ring mail "Farhaa" (worn) {Regen+ Dex+2 Slay+3}
   (You found it on level 2 of the Dungeon)

   Dex:       It affects your dexterity (+2).
   Slay:      It affects your accuracy & damage with ranged weapons and melee
   (+3).
   Regen:     It increases your rate of health regeneration.
 B - the cursed +3 hat of Pondering (worn) {ponderous, Will+ MP+10 Int+5, Cun, Elem}
   (You took it off Gastronok on level 1 of the Orcish Mines)

   Int:       It affects your intelligence (+5).
   MP:        It affects your magic capacity (+10).
   Will:      It increases your willpower.
   It has a curse which improves the following skills: Cunning: Dodging and
   Stealth.
   Elements:  Fire Magic, Ice Magic, Air Magic and Earth Magic.
 P - the cursed +0 cloak "Shattered Submission" (worn) {Bglg, Self}
   (You found it on level 1 of the Lair of Beasts)

   It has a curse which improves the following skills: Beguiling: Conjurations,
   Hexes and Translocations.
   Introspection: Fighting and Spellcasting.
 Z - a +2 robe of the Archmagi
Jewellery
 b - a +6 ring of dexterity
 g - the cursed amulet of Ashenzari's Burden (around neck) {Regen+, Self, Cun}
   (You found it on level 1 of the Dungeon)

   [amulet of regeneration]

   Regen:     It increases your rate of health regeneration.
   It has a curse which improves the following skills: Introspection: Fighting
   and Spellcasting.
   Cunning:   Dodging and Stealth.
 r - a ring of ice
 z - a +6 ring of dexterity
 L - the ring of Desertification {rElec rCorr}
   (You found it on level 4 of the Shoals)

   [ring of resist corrosion]

   rElec:     It insulates you from electricity.
   rCorr:     It protects you from acid and corrosion.
 R - the ring "Faggic" (right hand) {Wiz rPois SInv}
   (You found it on level 1 of the Elven Halls)

   [ring of wizardry]

   It improves your spell success rate.
   rPois:     It protects you from poison.
   SInv:      It lets you see invisible.
 U - the ring of Jarip (left hand) {Fly rElec Int+8 Dex-4}
   (You bought it in a shop on level 2 of the Orcish Mines)

   [ring of flight]

   Int:       It affects your intelligence (+8).
   Dex:       It affects your dexterity (-4).
   rElec:     It insulates you from electricity.
   Fly:       It grants you flight.
Wands
 F - a wand of polymorph (39)
 G - a wand of charming (3)
 I - a wand of paralysis (15)
 J - a wand of acid (9)
 S - a wand of iceblast (12)
 V - a wand of flame (35)
Scrolls
 k - 4 scrolls of fog
 l - a scroll of silence
 n - 9 scrolls of enchant weapon
 o - 5 scrolls of poison
 p - 15 scrolls of teleportation
 w - 2 scrolls of fear
 x - 4 scrolls of enchant armour
 y - 2 scrolls of immolation
 C - 6 scrolls of amnesia
 D - 3 scrolls of summoning
 H - 3 scrolls of magic mapping
Potions
 c - 4 potions of cancellation
 d - 8 potions of mutation
 f - 7 potions of attraction
 h - 2 potions of berserk rage
 t - a potion of invisibility
 v - 8 potions of curing
 A - 2 potions of flight
 M - a potion of ambrosia
 O - 5 potions of might
 Q - 3 potions of haste
 T - 4 potions of brilliance
Miscellaneous
 a - a phial of floods (inert)
 X - a tin of tremorstones (2/2)


   Skills:
 + Level 12.3(16.1) Fighting
 + Level 12.3 Short Blades
 + Level 12.3 Long Blades
 + Level 12.3 Axes
 + Level 12.3 Maces & Flails
 + Level 12.3 Polearms
 + Level 12.3 Staves
 + Level 12.3 Slings
 + Level 12.3 Bows
 + Level 12.3 Crossbows
 + Level 12.3 Throwing
 + Level 12.3 Armour
 + Level 13.1(16.0) Dodging
 + Level 12.9(15.8) Stealth
 + Level 12.3 Shields
 + Level 12.3 Unarmed Combat
 + Level 13.2(17.0) Spellcasting
 + Level 10.4(12.3) Conjurations
 + Level 10.4(12.3) Hexes
 + Level 10.4 Summonings
 + Level 10.4 Necromancy
 + Level 10.4(12.3) Translocations
 + Level 10.4(12.3) Transmutations
 + Level 10.4(14.2) Fire Magic
 + Level 12.5(16.3) Ice Magic
 + Level 11.0(14.9) Air Magic
 + Level 10.4(14.2) Earth Magic
 + Level 10.4(12.3) Poison Magic
 + Level 13.3 Invocations
 + Level 12.3(17.0) Evocations


You had 7 spell levels left.
You knew the following spells:

 Your Spells              Type           Power      Damage    Failure   Level
a - Freeze                Ice            100%       1d11      0%          1
b - Olgreb's Toxic Radia  Pois           89%        N/A       1%          4
c - Ozocubu's Armour      Ice            100%       N/A       0%          3
d - Storm Form            Tmut/Air       46%        N/A       3%          7
e - Ignite Poison         Fire/Tmut/Pois 91%        N/A       1%          3
f - Freezing Cloud        Conj/Ice/Air   48%        6-21      1%          5
g - Summon Mana Viper     Hex/Summ       86%        N/A       1%          5
h - Eringya's Noxious Bo  Tmut/Pois      44%        N/A       1%          6
i - Lee's Rapid Deconstr  Erth           47%        3d24*     1%          5
j - Borgnjor's Vile Clut  Necr/Erth      44%        N/A       1%          5

Your spell library contained the following spells:

 Spells                   Type           Power      Damage    Failure   Level
 Apportation              Tloc           100%       N/A       0%          1
 Magic Dart               Conj           100%       1d8       0%          1
 Shock                    Conj/Air       100%       1d9       0%          1
 Slow                     Hex            100%       N/A       0%          1
 Sting                    Tmut/Pois      100%       1d8       0%          1
 Poisonous Vapours        Pois/Air       100%       N/A       0%          2
 Frozen Ramparts          Ice            100%       1d12      0%          3
 Swiftness                Air            97%        N/A       0%          3
 Searing Ray              Conj           100%       2d8       1%          2
 Call Canine Familiar     Summ           83%        N/A       1%          3
 Confusing Touch          Hex            89%        N/A       1%          3
 Dazzling Flash           Conj/Hex       100%       N/A       1%          3
 Inner Flame              Hex/Fire       92%        N/A       1%          3
 Mephitic Cloud           Conj/Pois/Air  92%        N/A       1%          3
 Portal Projectile        Hex/Tloc       100%       N/A       1%          3
 Vampiric Draining        Necr           83%        2d11      1%          3
 Airstrike                Air            48%        N/A       1%          4
 Cause Fear               Hex            44%        N/A       1%          4
 Fulminant Prism          Conj/Hex       44%        3d20      1%          4
 Hailstorm                Conj/Ice       95%        3d19      1%          4
 Iskenderun's Mystic Bla  Conj/Tloc      89%        2d17      1%          4
 Leda's Liquefaction      Hex/Erth       46%        N/A       1%          4
 Summon Lightning Spire   Summ/Air       90%        N/A       1%          4
 Alistair's Intoxication  Tmut/Pois      59%        N/A       1%          5
 Lightning Bolt           Conj/Air       46%        1d66      1%          5
 Summon Forest            Summ/Tloc      43%        N/A       1%          5
 Starburst                Conj/Fire      46%        6d13      1%          6
 Summon Cactus Giant      Summ           41%        N/A       2%          6
 Maxwell's Capacitive Co  Air            48%        ∞         16%         8
 Discord                  Hex            44%        N/A       41%         8


Dungeon Overview and Level Annotations

Branches:
Dungeon (15/15)            Temple (1/1) D:5            Lair (6/6) D:8
 Shoals (4/4) Lair:4        Snake (1/4) Lair:4        Slime (0/5) Lair:6
    Orc (2/2) D:10            Elf (3/3) Orc:2        Vaults (0/5) D:14
 Depths (0/4) D:15

Altars:
Ashenzari
Cheibriados
Dithmenos
Elyvilon
Fedhas
Gozag
Hepliaklqana
Kikubaaqudgha
Makhleb
Okawaru
Qazlal
Ru
Sif Muna
Trog
Uskayaw
Vehumet
Wu Jian
Xom
Yredelemnul
Zin
The Shining One
Beogh
Jiyva

Shops:
D:10 ?   D:14 (   Orc:2 *=[*   Elf:2 [   Shoals:1 *   Shoals:4 :

Portals:
Trove: D:13 (give +3 storm dragon scales)

Annotations:
D:4 Blork the orc
D:9 3 runed translucent doors, Bruhh's ghost, journeyman DjEE
Lair:3 2 transporters
Shoals:1 3 runed translucent doors, Artemis2's ghost, journeyman MiFi
Shoals:3 1 runed translucent door, peepee's ghost, adept DECj
Shoals:4 Mara


Innate Abilities, Weirdness & Mutations

You have very sharp teeth.
Your uncanny sense of smell can sniff out nearby items.
Your experience applies equally to all skills.


Message History

Casting: Ignite Poison (safe; 1% risk of failure)
Confirm with . or Enter, or press ? or * to list all spells.
You ignite the poison in your surroundings!
Mara seems to burn from within!
Mara is severely wounded.
You are engulfed in freezing vapours.
* * * LOW HITPOINT WARNING * * *
Mara festers in the toxic bog.
Mara is poisoned.
Mara hits you with a +5 demon whip of venom!!
* * * LOW HITPOINT WARNING * * *
You block Bruhh's illusion's attack.
You feel much better.
You are engulfed in freezing vapours.
* * * LOW HITPOINT WARNING * * *
Your noxious spew wanes.
Mara gestures at you. The bolt of fire hits you!!
* * * LOW HITPOINT WARNING * * *
You hear a sizzling sound!
Bruhh's illusion hits you but does no damage.
Blink to where?
Press: ? - help, Dir - move target
As you read the scroll of blinking, it crumbles to dust.
Casting: Ignite Poison (safe; 1% risk of failure)
Confirm with . or Enter, or press ? or * to list all spells.
You ignite the poison in your surroundings!
Mara seems to burn from within!
Mara is almost dead.
Unknown command.
Casting: Ignite Poison (safe; 1% risk of failure)
Confirm with . or Enter, or press ? or * to list all spells.
Aiming: Freezing Cloud (safe; 1% risk of failure)
Press: ? - help, Dir - move target, f - Mara
Aim: Mara, wielding a +5 demon whip of venom and wearing a +0 ring mail (almost dead, unaffected by silence, waterlogged) Mara is engulfed in freezing vapours.
Mara blinks!
Unknown command.
Bruhh's illusion is engulfed in freezing vapours.
Bruhh's illusion points at you and mumbles some strange words.
There is an escape hatch in the ceiling here.
You are engulfed in freezing vapours.
You die...

#.....≈≈≈≈≈≈≈≈........∩.......#≈#
)≈≈≈≈≈≈≈≈≈≈≈≈≈.....≈≈⌠.⌠≈≈..≈.###
.≈≈≈≈≈≈≈≈≈≈≈≈≈.....≈≈≈.≈≈≈≈≈###≈#
.≈≈≈≈≈≈≈≈≈≈≈≈....†..≈≈.≈≈≈§≈≈#≈≈≈
.))≈≈≈≈≈≈≈≈≈≈..............§≈##≈#
))≈≈≈≈≈≈≈≈≈[≈..............≈##≈≈≈
.≈≈≈≈##≈#.≈≈≈...○...§§§....≈≈##≈#
..#######[.≈≈...○○○.§§@....≈##≈≈≈
≈##≈≈≈#)[#......@○☼.§§§.....##≈≈≈
≈#≈≈≈≈≈≈≈##.....○○○.<......=..###
###≈#≈#≈≈##.≈......≈..........##≈
##≈≈≈.≈≈≈##.≈≈≈≈≈≈≈≈............≈
###≈#≈#≈≈##.≈≈≈≈≈≈≈.......[.(...≈
##≈≈≈≈≈≈≈#≈.≈≈≈≈≈≈≈)............≈
###≈≈##≈###.≈≈≈≈≈≈≈.≈...........≈
≈≈#######≈.≈≈≈≈≈≈≈≈≈≈...≈≈≈≈≈≈≈≈≈
≈≈≈##≈###≈≈≈≈≈≈≈≈≈≈≈≈≈≈≈≈≈≈≈≈≈≈≈≈


You could see Bruhh's illusion.

Vanquished Creatures
  Rupert (Lair:3)
  Gastronok (Orc:1)
  Polyphemus (Shoals:4)
  Ilsuiw (Shoals:3)
  A deep elf sorcerer (Elf:1)
  2 orc warlords (Orc:2)
  A frost giant (Shoals:4)
  A deep elf elementalist (Elf:1)
  An ironbound preserver (D:14)
  2 deep elf annihilators (Elf:1)
  5 merfolk javelineers (Shoals:4)
  7 merfolk impalers
  Josephine (Lair:6)
  A fire dragon (Lair:6)
  A rakshasa (D:15)
  6 hydras
  A boulder beetle (D:14)
  Erica (D:9)
  4 catoblepae
  3 death yaks (Shoals:4)
  A death knight (D:14)
  2 alligator snapping turtles
  5 centaur warriors
  3 satyrs
  4 orc high priests (Orc:2)
  9 two-headed ogres
  34 dancing weapons
  2 tengu warriors (D:15)
  12 deep elf knights
  4 skeletal warriors (D:13)
  9 sea snakes
  A deep troll (D:15)
  A swamp dragon (Lair:6)
  3 wizards
  9 deep elf archers (Elf:1)
  A necromancer (D:15)
  4 orc knights
  30 deep elf pyromancers
  7 ugly things
  4 orc sorcerers
  9 harpies
  11 deep elf zephyrmancers
  10 fauns
  7 cyclopes
  20 manticores
  9 merfolk sirens
  6 black mambas
  3 water nymphs
  11 elephants
  A torpor snail (Lair:6)
  10 cane toads
  A gargoyle (D:10)
  A yaktaur (shapeshifter) (D:15)
  7 komodo dragons
  An unseen horror (D:12)
  2 kobold demonologists
  3 rime drakes
  2 freezing wraiths
  5 trolls
  15 merfolk
  A polar bear (Lair:4)
  A polar bear (shapeshifter) (D:15)
  5 wind drakes
  Grinder (D:5)
  A hornet (D:9)
  16 dream sheep
  15 blink frogs
  10 snapping turtles
  5 slime creatures
  3 shadows (D:10)
  10 water elementals
  4 air elementals
  8 wraiths
  A vampire (D:12)
  4 fire elementals
  3 wyverns
  5 basilisks
  Eustachio (D:6)
  A golden eye (shapeshifter) (Elf:1)
  3 steam dragons
  29 yaks
  12 vampire mosquitoes (D:13)
  A basilisk (shapeshifter) (Elf:2)
  A swamp worm (D:9)
  4 wargs
  2 nagas (Lair:4)
  5 acid dragons
  Duvessa (D:6)
  16 water moccasins
  2 swamp drakes (Lair:6)
  34 orc warriors
  A black bear (D:8)
  8 ogres
  An ice beast (D:8)
  A sky beast (D:7)
  14 centaurs
  A phantom (D:5)
  13 wolves
  15 kobold brigands
  7 bullfrogs
  3 gnoll sergeants
  A scorpion (D:5)
  3 earth elementals
  10 wights (D:8)
  Dowan (D:6)
  11 killer bees (D:9)
  5 electric eels
  2 vampire bats (Lair:3)
  2 howler monkeys
  35 orc priests
  10 hounds
  A gnoll shaman (D:2)
  25 orc wizards
  Terence (D:2)
  5 iguanas
  7 hell rats (Lair:1)
  6 ogre zombies (D:10)
  A mummy (D:8)
  19 gnolls
  9 adders
  A shadow imp (D:7)
  4 white imps
  An ufetubus (D:7)
  5 worms
  6 dart slugs
  104 orcs
  8 ball pythons
  9 bats
  7 endoplasms
  8 goblins
  4 hobgoblins
  2 jackals (D:2)
  4 quokkas
  2 frilled lizards
  A goblin skeleton (D:10)
  5 goblin zombies (D:10)
  4 hobgoblin skeletons (D:10)
  A hobgoblin zombie (D:10)
  15 kobolds
  An orc skeleton (D:10)
  7 orc zombies (D:10)
  9 rats
952 creatures vanquished.

Vanquished Creatures (collateral kills)
  A dream sheep (Shoals:2)
1 creature vanquished.

Vanquished Creatures (others)
  A deep elf pyromancer (Elf:1)
  A cane toad (Lair:2)
  A water moccasin (Lair:6)
  An orc (D:6)
  9 fulminant prisms
  26 fungi
  106 plants
  2 withered plants (Shoals:3)
147 creatures vanquished.

Grand Total: 1100 creatures vanquished

Notes
Turn   | Place    | Note
-------+----------+-------------------------------------------
     0 | D:1      | Bruhh the Gnoll Ice Elementalist began the quest for the
                  | Orb.
     0 | D:1      | Reached XP level 1. HP: 13/13 MP: 6/6
   257 | D:1      | Reached XP level 2. HP: 16/19 MP: 3/7
   448 | D:1      | Found a faded altar of an unknown god.
  1140 | D:2      | Noticed Terence
  1201 | D:2      | Reached skill level 5 in Spellcasting
  1201 | D:2      | Reached XP level 3. HP: 25/25 MP: 5/9
  1208 | D:1      | Learned a level 3 spell: Frozen Ramparts
  1212 | D:1      | Learned a level 3 spell: Ozocubu's Armour
  1301 | D:2      | Reached skill level 1 in Fighting
  1301 | D:2      | Reached skill level 1 in Short Blades
  1301 | D:2      | Reached skill level 1 in Long Blades
  1301 | D:2      | Reached skill level 1 in Axes
  1301 | D:2      | Reached skill level 1 in Maces & Flails
  1301 | D:2      | Reached skill level 1 in Polearms
  1301 | D:2      | Reached skill level 1 in Staves
  1301 | D:2      | Reached skill level 1 in Slings
  1301 | D:2      | Reached skill level 1 in Bows
  1301 | D:2      | Reached skill level 1 in Crossbows
  1301 | D:2      | Reached skill level 1 in Throwing
  1301 | D:2      | Reached skill level 1 in Armour
  1301 | D:2      | Reached skill level 1 in Shields
  1301 | D:2      | Reached skill level 1 in Unarmed Combat
  1301 | D:2      | Reached skill level 1 in Invocations
  1301 | D:2      | Reached skill level 1 in Evocations
  1301 | D:2      | Reached XP level 4. HP: 26/32 MP: 7/11
  1310 | D:2      | Reached skill level 1 in Conjurations
  1310 | D:2      | Reached skill level 1 in Hexes
  1310 | D:2      | Reached skill level 1 in Summonings
  1310 | D:2      | Reached skill level 1 in Necromancy
  1310 | D:2      | Reached skill level 1 in Translocations
  1310 | D:2      | Reached skill level 1 in Transmutations
  1310 | D:2      | Reached skill level 1 in Fire Magic
  1310 | D:2      | Reached skill level 1 in Air Magic
  1310 | D:2      | Reached skill level 1 in Earth Magic
  1310 | D:2      | Reached skill level 1 in Poison Magic
  1386 | D:2      | Reached XP level 5. HP: 37/37 MP: 9/12
  1447 | D:2      | Killed Terence
  1640 | D:2      | Identified the +7 ring mail "Farhaa" {Regen+ Dex+2 Slay+3}
  2129 | D:3      | You fall into a shaft and drop 3 floors!
  2141 | D:6      | Noticed Duvessa
  2212 | D:5      | Entered Level 5 of the Dungeon
  2212 | D:5      | Found a staircase to the Ecumenical Temple.
  2223 | Temple   | Entered the Ecumenical Temple
  2265 | Temple   | Became a worshipper of Ashenzari the Shackled
  2298 | D:5      | Reached XP level 6. HP: 44/44 MP: 9/13
  2529 | D:3      | Found a stormy altar of Qazlal.
  2873 | D:4      | Reached skill level 5 in Dodging
  3337 | D:4      | Noticed Blork the orc
  3350 | D:4      | Found a shimmering blue altar of Sif Muna.
  3489 | D:4      | Noticed a moth of wrath
  3492 | D:4      | Found a bloodstained altar of Trog.
  3581 | D:4      | Reached * piety under Ashenzari
  3668 | D:5      | Found an ornate altar of the Wu Jian Council.
  3689 | D:5      | Reached XP level 7. HP: 46/52 MP: 16/16
  3874 | D:5      | Noticed Grinder
  3986 | D:6      | Reached skill level 5 in Stealth
  4194 | D:6      | Found an opulent altar of Gozag.
  4197 | D:6      | Found a radiant altar of Vehumet.
  4227 | D:6      | Reached XP level 8. HP: 59/59 MP: 14/18
  4352 | D:6      | Noticed Eustachio
  4366 | D:6      | Killed Eustachio
  4432 | D:6      | Noticed Dowan
  4581 | D:6      | Identified the cursed ring "Vision of Ashenzari" {rPois,
                  | Bglg, Self} (You found it on level 1 of the Dungeon)
  4581 | D:6      | Identified the cursed ring "Gnostic Portent" {AC+4, Melee,
                  | Bglg} (You found it on level 3 of the Dungeon)
  4765 | D:6      | Killed Duvessa
  4811 | D:6      | Killed Dowan
  5393 | D:5      | Found a shadowy altar of Dithmenos.
  5766 | D:5      | Found a snail-covered altar of Cheibriados.
  5776 | D:5      | Killed Grinder
  5777 | D:5      | Reached XP level 9. HP: 56/66 MP: 13/19
  5777 | D:5      | Reached ** piety under Ashenzari
  6330 | D:7      | Found a sacrificial altar of Ru.
  6610 | D:8      | Found a staircase to the Lair.
  6626 | D:8      | Reached skill level 5 in Invocations
  6684 | D:8      | Noticed a troll
  6731 | D:8      | Killed a troll
  6803 | D:8      | Identified the +2 ring mail of the Maze {rC+ Regen+ Stlth+}
  6857 | D:8      | Reached XP level 10. HP: 77/77 MP: 20/23
  7033 | D:8      | Learned a level 4 spell: Hailstorm
  7048 | D:8      | Learned a level 4 spell: Iskenderun's Mystic Blast
  7181 | D:8      | Reached skill level 5 in Fighting
  7181 | D:8      | Reached skill level 5 in Short Blades
  7181 | D:8      | Reached skill level 5 in Long Blades
  7181 | D:8      | Reached skill level 5 in Axes
  7181 | D:8      | Reached skill level 5 in Maces & Flails
  7181 | D:8      | Reached skill level 5 in Polearms
  7181 | D:8      | Reached skill level 5 in Staves
  7181 | D:8      | Reached skill level 5 in Slings
  7181 | D:8      | Reached skill level 5 in Bows
  7181 | D:8      | Reached skill level 5 in Crossbows
  7181 | D:8      | Reached skill level 5 in Throwing
  7181 | D:8      | Reached skill level 5 in Armour
  7181 | D:8      | Reached skill level 5 in Shields
  7181 | D:8      | Reached skill level 5 in Unarmed Combat
  7181 | D:8      | Reached skill level 5 in Evocations
  7760 | D:8      | Found a blossoming altar of Fedhas.
  7930 | D:9      | Identified the +9 whip of Fate {vorpal, rElec rPois Will+
                  | Int+3}
  8213 | D:9      | Noticed a two-headed ogre
  8224 | D:9      | Killed a two-headed ogre
  8357 | D:9      | Noticed a kobold demonologist
  8368 | D:9      | Killed a kobold demonologist
  8406 | D:9      | Noticed Erica
  8415 | D:9      | Killed Erica
  8489 | D:9      | Reached XP level 11. HP: 85/85 MP: 18/24
  8821 | D:9      | Learned a level 5 spell: Freezing Cloud
  8942 | D:9      | Found a runed translucent gate.
  8942 | D:9      | Found a runed translucent gate.
  8944 | D:9      | Found a runed translucent gate.
  8945 | D:9      | Noticed Bruhh's ghost (journeyman DjEE)
  9107 | D:9      | Found a viscous altar of Jiyva.
  9170 | Lair:1   | Entered Level 1 of the Lair of Beasts
  9174 | Lair:1   | Reached skill level 5 in Conjurations
  9174 | Lair:1   | Reached skill level 5 in Hexes
  9174 | Lair:1   | Reached skill level 5 in Summonings
  9174 | Lair:1   | Reached skill level 5 in Necromancy
  9174 | Lair:1   | Reached skill level 5 in Translocations
  9174 | Lair:1   | Reached skill level 5 in Transmutations
  9174 | Lair:1   | Reached skill level 5 in Fire Magic
  9174 | Lair:1   | Reached skill level 5 in Air Magic
  9174 | Lair:1   | Reached skill level 5 in Earth Magic
  9174 | Lair:1   | Reached skill level 5 in Poison Magic
 10823 | Lair:2   | Noticed a five-headed hydra
 10831 | Lair:2   | Killed a five-headed hydra
 10892 | Lair:2   | Noticed a catoblepas
 10904 | Lair:2   | Killed a catoblepas
 11018 | Lair:2   | Noticed a catoblepas
 11086 | Lair:2   | Found a dark tunnel.
 11254 | Lair:2   | Killed a catoblepas
 11255 | Lair:2   | Reached XP level 12. HP: 87/94 MP: 4/26
 11657 | Lair:2   | Learned a level 4 spell: Fulminant Prism
 11836 | Lair:3   | Noticed Rupert
 11869 | Lair:3   | Killed Rupert
 12188 | Lair:3   | Found a transporter.
 12454 | Lair:3   | Found a transporter.
 12978 | Lair:3   | Identified the +0 leather armour of the Blushing Gods
                  | {Rampage Will+ Int-2}
 14257 | Lair:4   | Reached XP level 13. HP: 82/103 MP: 11/28
 14425 | Lair:4   | Found a staircase to the Snake Pit.
 14589 | Lair:4   | Found a staircase to the Shoals.
 15605 | Lair:5   | Reached *** piety under Ashenzari
 16154 | Lair:6   | Entered Level 6 of the Lair of Beasts
 16154 | Lair:6   | Found a staircase to the Slime Pits.
 16441 | Lair:6   | Found a viscous altar of Jiyva.
 16507 | Lair:6   | Noticed Josephine
 16509 | Lair:6   | Reached skill level 10 in Ice Magic
 16518 | Lair:6   | Killed Josephine
 17115 | Lair:5   | Learned a level 6 spell: Eringya's Noxious Bog
 17121 | Lair:5   | Learned a level 5 spell: Lee's Rapid Deconstruction
 17346 | Lair:6   | Noticed a fire dragon
 17351 | Lair:6   | Killed a fire dragon
 17352 | Lair:6   | Reached skill level 10 in Spellcasting
 17494 | Lair:6   | Identified the ring "Nocybba" {Ice rPois Str+4 Int-5 Dex+2}
 18053 | Lair:6   | Reached skill level 10 in Dodging
 18053 | Lair:6   | Reached XP level 14. HP: 115/115 MP: 27/31
 18624 | D:10     | Entered Level 10 of the Dungeon
 18661 | D:10     | Reached **** piety under Ashenzari
 18809 | D:10     | Found a staircase to the Orcish Mines.
 19225 | D:10     | Found Joadamim's Magic Scroll Emporium.
 19233 | D:10     | Bought a scroll of teleportation for 30 gold pieces
 19233 | D:10     | Bought a scroll of teleportation for 30 gold pieces
 19233 | D:10     | Bought a scroll of teleportation for 30 gold pieces
 19630 | Orc:1    | Entered Level 1 of the Orcish Mines
 19632 | Orc:1    | Noticed Gastronok
 19635 | Orc:1    | Reached skill level 10 in Stealth
 19651 | Orc:1    | Killed Gastronok
 19693 | Orc:1    | Learned a level 5 spell: Borgnjor's Vile Clutch
 19993 | Orc:2    | Entered Level 2 of the Orcish Mines
 20099 | Orc:2    | Reached skill level 10 in Invocations
 20535 | Orc:2    | Noticed an orc warlord
 20699 | Orc:2    | Killed an orc warlord
 21128 | Orc:2    | Found Mivveofeq's General Store.
 21211 | Orc:2    | Bought a wand of iceblast (6) for 130 gold pieces
 21241 | Orc:2    | Found Qubrer's Antique Armour Emporium.
 21464 | Orc:2    | Found Ytseuddo's General Store.
 21479 | Orc:2    | Bought a potion of heal wounds for 90 gold pieces
 21498 | Orc:2    | Found Ysoimyoc's Jewellery Shop.
 21514 | Orc:2    | Bought the ring of Jarip {Fly rElec Int+8 Dex-4} for 598
                  | gold pieces
 21716 | Orc:2    | Noticed an orc warlord
 21774 | Orc:2    | Killed an orc warlord
 22422 | Orc:2    | Found a staircase to the Elven Halls.
 22685 | Elf:1    | Entered Level 1 of the Elven Halls
 23001 | Elf:1    | Reached XP level 15. HP: 86/113 MP: 28/33
 23049 | Elf:1    | Identified the ring "Faggic" {Wiz rPois SInv}
 23264 | Elf:1    | Paralysed by an air elemental for 1 turns
 23577 | Elf:1    | Reached skill level 10 in Fighting
 23577 | Elf:1    | Reached skill level 10 in Short Blades
 23577 | Elf:1    | Reached skill level 10 in Long Blades
 23577 | Elf:1    | Reached skill level 10 in Axes
 23577 | Elf:1    | Reached skill level 10 in Maces & Flails
 23577 | Elf:1    | Reached skill level 10 in Polearms
 23577 | Elf:1    | Reached skill level 10 in Staves
 23577 | Elf:1    | Reached skill level 10 in Slings
 23577 | Elf:1    | Reached skill level 10 in Bows
 23577 | Elf:1    | Reached skill level 10 in Crossbows
 23577 | Elf:1    | Reached skill level 10 in Throwing
 23577 | Elf:1    | Reached skill level 10 in Armour
 23577 | Elf:1    | Reached skill level 10 in Shields
 23577 | Elf:1    | Reached skill level 10 in Unarmed Combat
 23577 | Elf:1    | Reached skill level 10 in Evocations
 23831 | Elf:1    | Noticed a deep elf elementalist
 23840 | Elf:1    | Killed a deep elf elementalist
 24395 | Elf:1    | Paralysed by an air elemental for 1 turns
 24622 | Elf:1    | Noticed a deep elf sorcerer
 24635 | Elf:1    | Killed a deep elf sorcerer
 25306 | Elf:2    | Found a huge runed translucent gate.
 25306 | Elf:2    | Found a huge runed translucent gate.
 25306 | Elf:2    | Found a huge runed translucent gate.
 25306 | Elf:2    | Found a huge runed translucent gate.
 25306 | Elf:2    | Found a huge runed translucent gate.
 25490 | Elf:2    | Learned a level 7 spell: Storm Form
 25543 | Elf:2    | Found Kanyozon's Armour Emporium.
 25569 | Elf:2    | Identified the cursed +0 cloak "Shattered Submission"
                  | {Bglg, Self} (You found it on level 1 of the Lair of
                  | Beasts)
 25569 | Elf:2    | Identified the cursed +0 pair of gloves of Ashenzari's Blue
                  | Moon {Elem, Evo} (You found it on level 2 of the Orcish
                  | Mines)
 25569 | Elf:2    | Identified the cursed +2 pair of boots of Ashenzari's
                  | Submission {Evo, Alch} (You found it on level 1 of the
                  | Dungeon)
 25569 | Elf:2    | Identified the cursed +0 buckler of Cremastomancy {Evo,
                  | Self} (You found it on level 6 of the Lair of Beasts)
 25971 | Elf:2    | Reached XP level 16. HP: 132/132 MP: 34/34
 26851 | Elf:2    | Learned a level 5 spell: Summon Mana Viper
 26911 | Elf:3    | Entered Level 3 of the Elven Halls
 27508 | Shoals:1 | Entered Level 1 of the Shoals
 27681 | Shoals:1 | Found a runed translucent gate.
 27685 | Shoals:1 | Found a runed translucent gate.
 27686 | Shoals:1 | Found a runed translucent gate.
 27687 | Shoals:1 | Noticed Artemis2's ghost (journeyman MiFi)
 27687 | Shoals:1 | Identified the +0 pair of gloves of Moral Flaws {Harm
                  | Str+5}
 27950 | Shoals:1 | Found Wen Vas's Gadget Gallery.
 28700 | Shoals:2 | Identified the +9 hunting sling "Asuhoeny" {freeze, rPois}
 30267 | Shoals:3 | Found a runed translucent door.
 30268 | Shoals:3 | Noticed peepee's ghost (adept DECj)
 30274 | Shoals:3 | Noticed Ilsuiw
 30285 | Shoals:3 | Killed Ilsuiw
 30755 | Shoals:3 | Reached XP level 17. HP: 125/142 MP: 37/37
 31115 | Shoals:4 | Entered Level 4 of the Shoals
 31115 | Shoals:4 | Noticed Polyphemus
 31179 | Shoals:4 | Noticed Mara
 31189 | Shoals:4 | Noticed Bruhh's illusion
 31510 | Shoals:4 | HP: 6/137 [Polyphemus (18)]
 31716 | Shoals:4 | Killed Polyphemus
 31852 | Shoals:4 | Found Jefui's Self-Improvement Boutique.
 31875 | Shoals:4 | Bought a manual of Air Magic for 880 gold pieces
 32347 | Shoals:4 | Noticed Bruhh's illusion
 32351 | Shoals:4 | HP: 4/137 [frozen[Mara] (35)]
 32649 | Snake:1  | Entered Level 1 of the Snake Pit
 33511 | D:11     | Reached skill level 10 in Air Magic
 34356 | D:12     | Found a white marble altar of Elyvilon.
 34710 | D:13     | Found a shadowy altar of Dithmenos.
 35034 | D:13     | Reached skill level 10 in Conjurations
 35034 | D:13     | Reached skill level 10 in Hexes
 35034 | D:13     | Reached skill level 10 in Summonings
 35034 | D:13     | Reached skill level 10 in Necromancy
 35034 | D:13     | Reached skill level 10 in Translocations
 35034 | D:13     | Reached skill level 10 in Transmutations
 35034 | D:13     | Reached skill level 10 in Fire Magic
 35034 | D:13     | Reached skill level 10 in Earth Magic
 35034 | D:13     | Reached skill level 10 in Poison Magic
 35251 | D:13     | Found a portal to a secret trove of treasure.
 35500 | D:14     | Found a gate to the Vaults.
 35764 | D:14     | Found Bempaal's Weapon Emporium.
 36639 | D:15     | Entered Level 15 of the Dungeon
 36805 | D:15     | Found a staircase to the Depths.
 37034 | D:15     | Reached XP level 18. HP: 151/151 MP: 18/38
 37246 | D:15     | Learned a level 4 spell: Olgreb's Toxic Radiance
 37250 | D:15     | Learned a level 3 spell: Ignite Poison
 37706 | Shoals:4 | Identified the ring of Desertification {rElec rCorr}
 38633 | Shoals:4 | Got a barnacled rune of Zot
 38684 | Shoals:4 | Noticed Bruhh's illusion
 38694 | Shoals:4 | HP: 4/151 [Mara/bolt of fire (24)]
 38699 | Shoals:4 | Engulfed by Bruhh's illusion (illusionary)'s freezing
                  | vapour

Illustrated notes

Levels and vault maps discovered:
D:1:      dpeg_arrival_round_c, layout_rooms, ebering_ecumenical_altar_hall,
          grunt_decor_clamped, minmay_split_cup_small
D:2:      layout_basic, uniq_terence
D:3:      layout_rooms, lemuel_crystal_altar, grunt_decor_cap
D:4:      layout_cave_pools, tgw_trog, tgw_sif
D:5:      minmay_razor_zed, layout_basic, nzn_wu_jian_contemplation,
          mainiacjoe_overflow_alcove_1, mainiacjoe_overflow_alcove_2,
          minmay_temple_entry_statues_pillars, uniq_grinder
D:6:      layout_loops_ring, nicolae_overflow_squiral,
          nicolae_figureground_pulse, uniq_eustachio, uniq_duvessa
D:7:      layout_rooms, nicolae_ru_the_path_less_chosen
D:8:      layout_basic, fedhas_altar_fruit_tree, erik_lair_island,
          gup_ossuary_entry_pyramid, chequers_serial_rivers_small_3,
          kennysheep_dice
D:9:      layout_long_grid, gammafunk_ghost_ooze, worms_lemuel, uniq_erica
D:10:     layout_irregular_city, zombieorc1_lemuel, serial_shops,
          kennysheep_mini, grunt_decor_fettered
D:11:     layout_roguey, special_room [special_room_kobold]
D:12:     layout_stronghold, nicolae_elyvilon_temple_path
D:13:     layout_rooms, nicolae_trove_entry_crossroad,
          grunt_dithmenos_smoke_and_mirrors
D:14:     layout_loops_corners, skrybe_vaults_entry_preservation,
          nicolae_sextant, serial_shops, nicolae_square_shop
D:15:     hangedman_depths_entry_civil_slaughter, layout_rooms, st_stairs_10
Temple:   minmay_temple_bridge_abc
Lair:1:   layout_hall_layers, serial_bayou_shore_a
Lair:2:   layout_gridlike, nicolae_volcano_entry_s_turn, serial_bayou_lagoon_a,
          lemuel_fruit_fields
Lair:3:   gammafunk_cloud_chamber, layout_small_grid, roderic_batcave,
          infiniplex_staircase_pool, uniq_rupert
Lair:4:   layout_regular_city, elwin_shoals_entry_rooms,
          guppyfry_snake_entry_island, lemuel_fruit_fields
Lair:5:   layout_layer_cave
Lair:6:   guppyfry_lair_end_dragon, layout_hall_layers, slime_altar_1,
          minmay_stone_trees_medium, uniq_josephine
Shoals:1: layout_shoals, gammafunk_ghost_tricky_traps, nicolae_shop_gadgets
Shoals:2: layout_shoals
Shoals:3: layout_shoals, gammafunk_ghost_grave, uniq_ilsuiw
Shoals:4: shoals_end_grunt_ice, layout_shoals, nicolae_shop_self_help,
          uniq_mara, uniq_polyphemus
Snake:1:  layout_gridlike, lemuel_fruit_tree, grunt_megastairs_1
Orc:1:    layout_caves, nicolae_shop_clearance, uniq_gastronok
Orc:2:    pubby_orc_utopia
Elf:1:    eino_elf_arrival_shootout, layout_loops_corners, evilmike_minifort,
          minmay_checkered_concentric_circles
Elf:2:    elven_hall_of_blades_hangedman_alternative [nicolae_blade_lattice],
          layout_loops_cross, serial_shops, shop
Elf:3:    minmay_elf_hall_statues, layout_geoelf_diagonals

Skill      XL: |  1  2  3  4  5  6  7  8  9 10 11 12 13 14 15 16 17 18 |
---------------+-------------------------------------------------------+-----
Spellcasting   | 5 6 7 8 9 10 11 12 13 | 13.2
Fighting       | 1 2 3 4 5 6 7 8 9 10 11 12 | 12.3
Short Blades   | 1 2 3 4 5 6 7 8 9 10 11 12 | 12.3
Long Blades    | 1 2 3 4 5 6 7 8 9 10 11 12 | 12.3
Axes           | 1 2 3 4 5 6 7 8 9 10 11 12 | 12.3
Maces & Flails | 1 2 3 4 5 6 7 8 9 10 11 12 | 12.3
Polearms       | 1 2 3 4 5 6 7 8 9 10 11 12 | 12.3
Staves         | 1 2 3 4 5 6 7 8 9 10 11 12 | 12.3
Slings         | 1 2 3 4 5 6 7 8 9 10 11 12 | 12.3
Bows           | 1 2 3 4 5 6 7 8 9 10 11 12 | 12.3
Crossbows      | 1 2 3 4 5 6 7 8 9 10 11 12 | 12.3
Throwing       | 1 2 3 4 5 6 7 8 9 10 11 12 | 12.3
Armour         | 1 2 3 4 5 6 7 8 9 10 11 12 | 12.3
Shields        | 1 2 3 4 5 6 7 8 9 10 11 12 | 12.3
Unarmed Combat | 1 2 3 4 5 6 7 8 9 10 11 12 | 12.3
Invocations    | 1 2 3 4 5 6 7 8 9 10 11 12 13 | 13.3
Evocations     | 1 2 3 4 5 6 7 8 9 10 11 12 | 12.3
Conjurations   | 1 2 3 4 5 6 7 8 9 10 | 10.4
Hexes          | 1 2 3 4 5 6 7 8 9 10 | 10.4
Summonings     | 1 2 3 4 5 6 7 8 9 10 | 10.4
Necromancy     | 1 2 3 4 5 6 7 8 9 10 | 10.4
Translocations | 1 2 3 4 5 6 7 8 9 10 | 10.4
Transmutations | 1 2 3 4 5 6 7 8 9 10 | 10.4
Fire Magic     | 1 2 3 4 5 6 7 8 9 10 | 10.4
Air Magic      | 1 2 3 4 5 6 7 8 9 10 11 | 11.0
Earth Magic    | 1 2 3 4 5 6 7 8 9 10 | 10.4
Poison Magic   | 1 2 3 4 5 6 7 8 9 10 | 10.4
Dodging        | 5 6 7 8 9 10 11 12 13 | 13.1
Stealth        | 5 6 7 8 9 10 11 12 | 12.9
Ice Magic      | 8 9 10 11 12 | 12.5

Action                   |  1- 3 |  4- 6 |  7- 9 | 10-12 | 13-15 | 16-18 || total
-------------------------+-------+-------+-------+-------+-------+-------++-------
Melee: Unarmed           |    12 |     3 |     1 |       |    15 |   237 ||   268
       Punch             |     1 |       |     2 |     9 |    11 |    16 ||    39
       Club              |       |    51 |       |       |       |       ||    51
       Bite              |       |     8 |     7 |    25 |    75 |    64 ||   179
       Scimitar          |       |    11 |    10 |       |       |       ||    21
       Rapier            |       |       |    61 |    50 |       |       ||   111
       Morningstar       |       |       |       |    26 |       |       ||    26
       Whip              |       |       |       |   102 |   579 |   334 ||  1015
Throw: Dart              |       |       |     4 |     5 |       |       ||     9
       Throwing net      |       |       |     1 |       |       |       ||     1
 Cast: Freeze            |    29 |    92 |    89 |   169 |    75 |       ||   454
       Frozen Ramparts   |     1 |     3 |    16 |    14 |     3 |     1 ||    38
       Ozocubu's Armour  |       |     2 |     9 |    15 |     1 |     5 ||    32
       Hailstorm         |       |       |       |     9 |       |       ||     9
       Iskenderun's Myst |       |       |       |    15 |    19 |     3 ||    37
       Freezing Cloud    |       |       |       |    38 |    45 |    22 ||   105
       Fulminant Prism   |       |       |       |     7 |     2 |       ||     9
       Eringya's Noxious |       |       |       |       |    21 |    10 ||    31
       Borgnjor's Vile C |       |       |       |       |   128 |   143 ||   271
       Lee's Rapid Decon |       |       |       |       |     5 |    28 ||    33
       Storm Form        |       |       |       |       |     2 |    28 ||    30
       Summon Mana Viper |       |       |       |       |       |     2 ||     2
       Ignite Poison     |       |       |       |       |       |    24 ||    24
       Olgreb's Toxic Ra |       |       |       |       |       |    13 ||    13
Invok: Curse Item        |       |     2 |     1 |       |     4 |     2 ||     9
       Shatter the Chain |       |       |       |       |     2 |       ||     2
Evoke: Tin of tremorston |       |       |       |       |     2 |     2 ||     4
       Wand              |       |       |       |       |     1 |       ||     1
       Phial of floods   |       |       |       |       |       |     2 ||     2
  Use: Scroll            |       |       |       |     2 |     2 |    13 ||    17
       Potion            |       |       |       |       |     4 |    10 ||    14
 Stab: Sleeping          |       |     3 |       |       |    10 |     4 ||    17
       Distracted        |       |       |     1 |       |     1 |     2 ||     4
       Petrified         |       |       |       |       |       |     5 ||     5
       Petrifying        |       |       |       |       |       |     2 ||     2
Armor: Robe              |     2 |    50 |     9 |    12 |    48 |       ||   121
       Ring mail         |       |       |    91 |     3 |   162 |   157 ||   413
       Skin              |       |       |     1 |       |     1 |    61 ||    63
       Steam dragon scal |       |       |       |   108 |    23 |       ||   131
Dodge: Dodged            |    20 |   126 |   127 |   297 |   391 |   486 ||  1447
Block: Buckler           |       |       |       |       |   136 |   110 ||   246

Table legend: (Time is in decaauts)
 A = Elapsed time spent in this place.
 B = Non-inter-level travel time spent in this place.
 C = Inter-level travel time spent in this place.
 D = Time resting spent in this place.
 E = Time spent auto-exploring this place.
 F = Levels seen in this place.
 G = Mean time per level.
                   A        B        C        D        E       F      G
               +--------+--------+--------+--------+--------+-----+--------+
         Total |  39208 |  37205 |   2003 |   2018 |  27445 |  32 | 1225.2 |
       Dungeon |  15166 |  14375 |    791 |    267 |  10897 |  15 | 1011.1 |
        Temple |     70 |     70 |      0 |      0 |     23 |   1 |   70.0 |
          Lair |   9441 |   8680 |    761 |   1092 |   6185 |   6 | 1573.5 |
        Shoals |   6572 |   6486 |     86 |    652 |   4453 |   4 | 1643.0 |
     Snake Pit |     12 |     12 |      0 |      0 |      0 |   1 |   12.0 |
  Orcish Mines |   3189 |   3051 |    138 |      7 |   2172 |   2 | 1594.5 |
   Elven Halls |   4755 |   4532 |    223 |      0 |   3713 |   3 | 1585.0 |
               +--------+--------+--------+--------+--------+-----+--------+

Top non-repeatable levels by time:
   Orc:2: 2797 daAuts
   Elf:1: 2516 daAuts
Shoals:3: 2123 daAuts
Shoals:4: 1946 daAuts
  Lair:5: 1908 daAuts
   Elf:2: 1876 daAuts
  Lair:3: 1864 daAuts
  Lair:4: 1817 daAuts
     D:8: 1745 daAuts
  Lair:6: 1516 daAuts
Shoals:2: 1430 daAuts
     D:9: 1374 daAuts
    D:14: 1356 daAuts
  Lair:2: 1279 daAuts
     D:6: 1254 daAuts
